 Dungeon Crawl Stone Soup version 0.27.1-34-g3ba077fa99 (webtiles) character file.

Game seed: 16116896716897288585

30 comborobin the Sneak (level 3, 0/46 HPs)
             Began as a Draconian Delver on Jan 9, 2022.
             Slain by a gnoll shaman (2 damage)
             ... on level 4 of the Dungeon.
             The game lasted 00:01:26 (565 turns).

comborobin the Sneak (Draconian Delver)              Turns: 565, Time: 00:01:26

Health: 0/46       AC: 21    Str: 15    XL:     3   Next: 3%
Magic:  3/3        EV:  2    Int: 10    God:
Gold:   35         SH:  0    Dex: 12    Spells: 2/2 levels left

rFire    . . .     SeeInvis .     - Unarmed
rCold    . . .     Faith    .   (no shield)
rNeg     + + +     Spirit   .   (armour unavailable)
rPois    +         Reflect  .   (helmet currently unavailable)
rElec    .         Harm     .   (cloak currently unavailable)
rCorr    .         Rampage  .   (gloves currently unavailable)
Will     .....     NoTele   +   (boots currently unavailable)
Stlth    +.........             (no amulet)
HPRegen  0.15/turn              (no ring)
MPRegen  0.08/turn              (no ring)

@: mighty, lit by a corona, tree-form, glowing
A: stationary, stasis, torment immunity, boosted hp, AC +5, unfitting armour,
(cold-blooded)
a: no special abilities


You were on level 4 of the Dungeon.
You were a tree.
You visited 1 branch of the dungeon, and saw 3 of its levels.

You collected 35 gold pieces.

Inventory:

Wands
 e - a wand of digging (1)
Scrolls
 a - a scroll of fog
 c - a scroll of fear
Potions
 d - a potion of haste


   Skills:
 - Level 3.3 Fighting
 - Level 1.8 Dodging
 - Level 4.8 Stealth
 + Level 2.9 Unarmed Combat


You had 2 spell levels left.
You didn't know any spells.
Your spell library was empty.

Dungeon Overview and Level Annotations

Branches:
Dungeon (6/15)
 Temple: D:4-7

Altars:
Makhleb


Innate Abilities, Weirdness & Mutations

You are a tree.
Your roots penetrate the ground, keeping you stationary.
You cannot be teleported.
You are immune to unholy pain and torment.
Your maximum health is greatly increased.
Your equipment is partially melded.
((Your plain brown scales are hard. (AC +5)))
You cannot fit into any form of body armour.
((You are cold-blooded and may be slowed by cold attacks.))


Message History

Unknown command.
Unknown command.
You hit the gnoll shaman.
The gnoll shaman is moderately wounded.
The gnoll hits you with a +0 flail.
The gnoll shaman invokes the aid of its god against you.
You are outlined in light.
The gnoll hits you with a +0 whip.
Unknown command.
You completely miss the gnoll shaman.
The gnoll shaman is moderately wounded.
The gnoll hits you but does no damage.
The gnoll shaman hits you but does no damage.
The gnoll hits you but does no damage.
Unknown command.
You hit the gnoll shaman but do no damage.
The gnoll shaman is moderately wounded.
The gnoll hits you with a +0 flail.
* * * LOW HITPOINT WARNING * * *
The gnoll shaman hits you but does no damage.
The gnoll hits you with a +0 whip.
* * * LOW HITPOINT WARNING * * *
You completely miss the gnoll shaman.
The gnoll shaman is moderately wounded.
The gnoll hits you with a +0 flail.
* * * LOW HITPOINT WARNING * * *
The gnoll shaman calls upon its god to heal the gnoll.
The gnoll's wounds heal themselves!
The gnoll hits you with a +0 whip.
* * * LOW HITPOINT WARNING * * *
You barely miss the gnoll shaman.
The gnoll shaman is moderately wounded.
The gnoll hits you but does no damage.
The gnoll shaman hits you with a +0 hand axe.
* * * LOW HITPOINT WARNING * * *
The gnoll hits you but does no damage.
Unknown command.
It was a potion of might.
You feel very mighty all of a sudden. The gnoll hits you but does no damage.
The gnoll shaman hits you with a +0 hand axe.
You die...

##.....# ...
##..g.>.### ##....
##.........##......
##..#####...........
#..## ##.......=..
#..## ##.........
#.#.## ##g.......
#.##.## #gg>....##
#.###.## #♣g......# #.#
##.## #........ #.#
##.## #........ #.##
##)# #.....### #..#
##.#.##....##
#..###.####.....#
.####..##.####......##
...#.....####........#
..............).##....#


You could see a gnoll shaman and 3 gnolls.

Vanquished Creatures
  An adder (D:4)
  2 gnolls (D:4)
3 creatures vanquished.

Notes
Turn   | Place    | Note
-------+----------+-------------------------------------------
     0 | D:5      | comborobin the Draconian Delver began the quest for the
                  | Orb.
     0 | D:5      | Reached XP level 1. HP: 19/19 MP: 1/1
    55 | D:5      | Found a burning altar of Makhleb.
    55 | D:5      | Noticed a hound
    77 | D:4      | Reached XP level 2. HP: 20/26 MP: 2/2
   560 | D:4      | Reached XP level 3. HP: 17/31 MP: 3/3
   564 | D:4      | HP: 2/46 [gnoll shaman (4)]
   565 | D:4      | Slain by a gnoll shaman

Illustrated notes

Levels and vault maps discovered:
D:4:      layout_layer_cave, minmay_temple_entry_mist, minmay_close_crescents,
          uniq_duvessa, uniq_grinder
D:5:      layout_basic, pdpol_wu_jian_five_deadly_venoms,
          makhleb_heckhound_becter
D:6:      layout_basic, nicolae_overflow_crystal_walls, portal_sewer_entry_d,
          sigmund_edmund_badplayer

Action                   || total
-------------------------++-------
Melee: Unarmed           ||    33
       Tailslap          ||     3
       Punch             ||     1
Evoke: Wand              ||     2
  Use: Scroll            ||     3
       Potion            ||     2
Armor: Skin              ||    13
Dodge: Dodged            ||    17
